 Dungeon Crawl Stone Soup version 0.20.0-15-g7f486f2 (webtiles) character file.

201 RumaTero the Shield-Bearer (level 5, 25/49 HPs)
             Began as a Deep Dwarf Fighter on July 1, 2017.
             Quit the game on level 1 of the Abyss.
             The game lasted 00:02:56 (1521 turns).

RumaTero the Shield-Bearer (Deep Dwarf Fighter)     Turns: 1521, Time: 00:02:57

Health: 25/49      AC:  8    Str: 20    XL:     5   Next: 50%
Magic:  5/5        EV:  7    Int:  9    God:
Gold:   32         SH:  9    Dex: 12    Spells: 4/4 levels left

rFire    . . .     SeeInvis .   s - -3 spear (curse)
rCold    . . .     Gourm    .   c - +0 shield
rNeg     . . .     Faith    .   b - +0 scale mail
rPois    .         Spirit   .   o - +0 helmet
rElec    .         Reflect  .   (no cloak)
rCorr    .         Harm     .   (no gloves)
MR       .....                  (no boots)
Stlth    ..........             (no amulet)
Regen    0.0/turn               (no ring)
MPRegen  0.1/turn               (no ring)

@: non-regenerating
A: damage resistance, heal wounds, sense surroundings 1, no regeneration
a: Heal Wounds


You were on level 1 of the Abyss.
You were not hungry.

You visited 1 branch of the dungeon, and saw 2 of its levels.
You visited the Abyss 1 time.

You collected 32 gold pieces.

Inventory:

Hand Weapons
 a - a +0 war axe
 r - a +1 hand axe of distortion
 s - a cursed -3 spear (weapon)
Armour
 b - a +0 scale mail (worn)
 c - a +0 shield (worn)
 o - a +0 helmet (worn)
Scrolls
 e - a scroll of noise {unknown}
 g - a scroll of enchant armour {unknown}
 h - 2 scrolls of magic mapping {unknown}
 k - 2 scrolls of teleportation {unknown}
 l - 2 scrolls of recharging {unknown}
 p - a scroll of amnesia {unknown}
 q - a scroll of blinking {unknown}
Potions
 d - a potion of heal wounds {unknown}
 i - a potion of magic {unknown}
 j - a potion of curing {unknown}
 n - a potion of lignification {unknown}
Comestibles
 f - 2 bread rations
 m - a meat ration


   Skills:
 + Level 3.4 Fighting
 * Level 4.3 Axes
 + Level 4.1 Armour
 + Level 4.3 Shields


You had 4 spell levels left.
You didn't know any spells.

Dungeon Overview and Level Annotations

Branches:
Dungeon (2/15)

Altars:
Nemelex Xobeh


Innate Abilities, Weirdness & Mutations

You are resistant to damage.
You can heal yourself by infusing magical energy.
You passively map a small area around you.
You do not regenerate.


Message History

There is an open door here.
There is an open door here.
You see here a stone.
You see here a stone.
You see here a ring mail.
Found a glowing hand axe.
You see here a glowing hand axe.
r - a glowing hand axe Wield which item (- for none, * to show all)? (? for menu, Esc to quit)
Space warps around you for a moment!
r - a +1 hand axe of distortion (weapon)
Wield which item (- for none, * to show all)? (? for menu, Esc to quit)
Really unwield
r - a +1 hand axe of distortion?
It sticks to your hand!
s - a cursed -3 spear (weapon)
You are cast into the Abyss!
To return, you must find a gate leading back.
Killing monsters will force the Abyss to allow you passage.
This branch contains the abyssal rune of Zot.
Are you sure you want to abandon this character and quit the game? (Confirm with "yes".) .#.#.#######... .......@.....# ..########.#.#

There were no monsters in sight!

Vanquished Creatures
  Sigmund (D:2)
  2 oozes
  A dart slug (D:1)
  2 leopard geckos (D:2)
  A ball python (D:1)
  5 bats
  4 giant cockroaches (D:1)
  6 goblins
  4 hobgoblins (D:1)
  6 kobolds
  4 frilled lizards
  3 rats
39 creatures vanquished.

Notes
Turn   | Place    | Note
-------+----------+-------------------------------------------
     0 | D:1      | RumaTero the Deep Dwarf Fighter began the quest for the Orb.
     0 | D:1      | Reached XP level 1. HP: 20/20 MP: 1/1
   121 | D:1      | Reached XP level 2. HP: 25/27 MP: 2/2
   520 | D:1      | Reached XP level 3. HP: 26/33 MP: 3/3
   864 | D:2      | Noticed Sigmund
   874 | D:2      | Killed Sigmund
   874 | D:2      | Reached XP level 4. HP: 26/42 MP: 4/4
   874 | D:2      | Reached XP level 5. HP: 30/49 MP: 5/5
  1201 | D:2      | Found a sparkling altar of Nemelex Xobeh.
  1520 | D:2      | Cast into level 1 of the Abyss (a distortion unwield)
  1521 | Abyss:1  | Quit the game

Skill      XL: |  1  2  3 |
---------------+----------+-----
Axes           | 4 |  4.3
Fighting       | 3 |  3.4
Armour         | 4 |  4.1
Shields        | 4 |  4.3

Action                   |  1- 3 |  4- 6 || total
-------------------------+-------+-------++-------
Melee: War axe           |    80 |    38 ||   118
  Use: Potion            |     1 |       ||     1
  Eat: Chunk             |       |     2 ||     2
Armor: Scale mail        |    49 |    17 ||    66
Dodge: Dodged            |    33 |    13 ||    46
Block: Shield            |    54 |    24 ||    78
